 Dungeon Crawl Stone Soup version 0.29.1-2-gbd0b4ee654 (webtiles) character file.

Game seed: 12197364129062670175

3519 NinjaNoafa the Severer (level 9, -9/72 HPs)
             Began as a Minotaur Fighter on Nov 16, 2022.
             Was a Priest of Cheibriados.
             Mangled by a hornet (13 damage)
             ... on level 7 of the Dungeon.
             The game lasted 00:10:19 (7135 turns).

NinjaNoafa the Severer (Minotaur Fighter)           Turns: 7135, Time: 00:10:20

Health: -9/72      AC: 15    Str: 32    XL:     9   Next: 81%
Magic:  8/8        EV:  6    Int: 11    God:    Cheibriados [***...]
Gold:   297        SH:  9    Dex: 15    Spells: 8/8 levels left

rFire   . . .      SeeInvis .   a - +0 war axe
rCold   . . .      Faith    .   s - +0 kite shield
rNeg    . . .      Spirit   .   w - +0 plate armour
rPois   .          Reflect  .   (helmet restricted)
rElec   .          Harm     .   (no cloak)
rCorr   .          Rampage  .   v - +2 pair of gloves
Will    +....                   (no boots)
Stlth   ..........              (no amulet)
HPRegen 0.22/turn               o - ring of willpower
MPRegen 0.11/turn               (no ring)

@: lethally poisoned (-9 -> -18), slowed, very slow
A: horns 2, retaliatory headbutt
a: Renounce Religion, Bend Time, Temporal Distortion


You were on level 7 of the Dungeon.
You worshipped Cheibriados.
Cheibriados was most pleased with you.
You visited 2 branches of the dungeon, and saw 8 of its levels.

You collected 297 gold pieces.

Inventory:

Hand Weapons
 a - a +0 war axe (weapon)
Missiles
 d - a curare-tipped dart
 f - 37 stones
 l - 6 silver boomerangs (quivered)
 n - 6 poisoned darts
 A - 3 atropa-tipped darts
Armour
 s - a +0 kite shield (worn)
 v - a +2 pair of gloves (worn)
 w - a +0 plate armour (worn)
Jewellery
 o - a ring of willpower (left hand)
 t - a ring of fire
Scrolls
 e - 2 scrolls of enchant weapon {unknown}
 g - 2 scrolls of blinking {unknown}
 h - 8 scrolls of identify {unknown}
 i - 2 scrolls of immolation {unknown}
 k - 5 scrolls of noise {unknown}
 m - 3 scrolls of teleportation {unknown}
 u - 3 scrolls of amnesia {unknown}
 y - a scroll of acquirement {unknown}
Potions
 b - a potion of flight {unknown}
 c - 2 potions of might
 j - 3 potions of brilliance
 p - a potion of curing
 q - a potion of heal wounds
 r - 2 potions of mutation {unknown}
 x - a potion of attraction {unknown}


   Skills:
 + Level 4.6 Fighting
 - Level 16.0 Axes
 + Level 4.6 Armour
 - Level 4.0 Shields


You had 8 spell levels left.
You didn't know any spells.
Your spell library contained the following spells:

 Spells                   Type           Power      Damage    Failure   Level
 Beastly Appendage        Tmut           0%         N/A       100%        1
 Magic Dart               Conj           0%         1d3       100%        1
 Summon Small Mammal      Summ           0%         N/A       100%        1
 Searing Ray              Conj           0%         2d4       100%        2
 Wereblood                Tmut           0%         N/A       100%        2
 Call Canine Familiar     Summ           0%         N/A       100%        3
 Gell's Gravitas          Tloc           0%         N/A       100%        3
 Lesser Beckoning         Tloc           0%         N/A       100%        3
 Spider Form              Tmut/Pois      0%         N/A       100%        3
 Summon Guardian Golem    Hex/Summ       0%         N/A       100%        3
 Teleport Other           Tloc           0%         N/A       100%        3
 Fulminant Prism          Conj/Hex       0%         3d6       100%        4


Dungeon Overview and Level Annotations

Branches:
Dungeon (7/15)             Temple (1/1) D:6

Altars:
Ashenzari
Cheibriados
Elyvilon
Fedhas
Gozag
Kikubaaqudgha
Makhleb
Nemelex Xobeh
Okawaru
Ru
Sif Muna
Trog
Uskayaw
Vehumet
Wu Jian
Xom
Yredelemnul
Zin
The Shining One

Shops:
D:5 !


Innate Abilities, Weirdness & Mutations

You have a pair of horns on your head.
You reflexively headbutt those who attack you in melee.


Message History

The hornet is severely wounded.
You feel sick. The hornet stings you!
You are more poisoned.
You feel as though you will be slow longer.
You block the hornet's attack.
You hit the hornet but do no damage.
The hornet is severely wounded.
You feel very sick.
The hornet stings you but does no damage.
The hornet stings you.
You are more poisoned.
You shrug off the repeated paralysis!
You miss the hornet. Your headbutt misses the hornet.
The hornet is severely wounded.
You feel very sick. You block the hornet's attack.
You hit the hornet but do no damage. Your headbutt misses the hornet.
The hornet is severely wounded.
* * * LOW HITPOINT WARNING * * *
You feel very sick. The hornet stings you!
* * * LOW HITPOINT WARNING * * *
You are more poisoned.
You feel as though you will be slow longer.
The hornet stings you but does no damage.
You feel better. The hornet stings you.
* * * LOW HITPOINT WARNING * * *
You are lethally poisoned!
You feel as though you will be slow longer.
The hornet stings you but does no damage.
You block the hornet's attack.
You hit the hornet. You headbutt the hornet.
The hornet is severely wounded.
* * * LOW HITPOINT WARNING * * *
You feel very sick. The hornet stings you.
* * * LOW HITPOINT WARNING * * *
You feel as though you will be slow longer.
The hornet stings you!
You die...

.##.###.# ........#
........# ...!....# #
........# . ##......#
........#######
#..y@....... # ######
####...##..#
#+#....#########).......
#_#................###..
###....##########..#
......## ..#
......####### ..#
............. ...
.....######## ...#


You could see a hornet.

Vanquished Creatures
  Pikel (D:5)
  Grinder (D:3)
  Duvessa (D:7)
  2 ice beasts (D:6)
  A black bear (D:6)
  3 ogres
  3 centaurs (D:5)
  A lemure (D:5)
  5 phantoms
  A kobold brigand (D:6)
  A bullfrog (D:7)
  3 necrophages
  A gnoll sergeant (D:5)
  A scorpion (D:5)
  12 wights
  Dowan (D:7)
  2 howler monkeys
  2 jellies
  4 hounds
  2 iguanas
  2 orc wizards (D:4)
  A hound skeleton (D:4)
  Robin (D:2)
  5 gnolls (D:5)
  5 adders
  2 ufetubi
  A dart slug (D:1)
  11 orcs
  7 bats
  4 endoplasms
  11 goblins
  6 hobgoblins
  2 jackals
  7 kobolds
  4 quokkas
  5 ball pythons
  A frilled lizard (D:1)
  4 rats
127 creatures vanquished.

Vanquished Creatures (others)
  2 plants (D:2)
2 creatures vanquished.

Grand Total: 129 creatures vanquished

Notes
Turn   | Place    | Note
-------+----------+-------------------------------------------
     0 | D:1      | NinjaNoafa the Minotaur Fighter began the quest for the
                  | Orb.
     0 | D:1      | Reached XP level 1. HP: 19/19 MP: 0/0
   217 | D:1      | Found a faded altar of an unknown god.
   310 | D:1      | Reached XP level 2. HP: 27/27 MP: 1/1
   669 | D:2      | You fall into a shaft and drop 2 floors!
   788 | D:4      | Noticed an ogre
   791 | D:4      | Killed an ogre
   792 | D:4      | Reached skill level 5 in Axes
   792 | D:4      | Reached XP level 3. HP: 33/33 MP: 2/2
   792 | D:4      | Reached XP level 4. HP: 40/40 MP: 3/3
   887 | D:4      | Reached XP level 5. HP: 20/46 MP: 4/4
   908 | D:3      | Noticed Grinder
  1065 | D:3      | Paralysed by Grinder for 3 turns
  1075 | D:3      | Killed Grinder
  1076 | D:3      | Reached skill level 7 in Axes
  1076 | D:3      | Reached XP level 6. HP: 12/52 MP: 5/5
  1440 | D:3      | Found a bloodstained altar of Trog.
  1497 | D:3      | Found a snail-covered altar of Cheibriados.
  2097 | D:2      | Identified the +0 leather armour of the Everdark {rC- Int+2
                  | Dex+4}
  2376 | D:2      | Identified the +7 long sword "Kawamo" {holy, Fly}
  2546 | D:3      | Became a worshipper of Cheibriados the Contemplative
  2651 | D:3      | Reached skill level 8 in Axes
  2700 | D:3      | Found a shimmering altar of Xom.
  2711 | D:3      | Found a radiant altar of Vehumet.
  2929 | D:2      | Noticed Robin
  2939 | D:2      | Killed Robin
  3119 | D:2      | Identified the +2 robe of the Shoals {Dex+3}
  3621 | D:5      | Entered Level 5 of the Dungeon
  3631 | D:5      | Reached * piety under Cheibriados
  3633 | D:5      | Reached skill level 9 in Axes
  3633 | D:5      | Reached XP level 7. HP: 39/59 MP: 6/6
  4150 | D:4      | Found a burning altar of Makhleb.
  4162 | D:4      | Reached skill level 10 in Axes
  4309 | D:4      | Found a sparkling altar of Nemelex Xobeh.
  4314 | D:4      | Found a basalt altar of Yredelemnul.
  4318 | D:4      | Found an ornate altar of the Wu Jian Council.
  4386 | D:5      | Noticed Pikel
  4402 | D:5      | Killed Pikel
  4403 | D:5      | Reached skill level 12 in Axes
  4403 | D:5      | Reached XP level 8. HP: 20/66 MP: 7/7
  4723 | D:5      | Reached ** piety under Cheibriados
  4724 | D:5      | Reached skill level 13 in Axes
  5065 | D:5      | Found Honiy's Distillery.
  5222 | D:5      | Reached XP level 9. HP: 48/71 MP: 8/8
  5514 | D:6      | Reached skill level 14 in Axes
  6098 | D:6      | Reached skill level 15 in Axes
  6213 | D:6      | Found a staircase to the Ecumenical Temple.
  6387 | Temple   | Entered the Ecumenical Temple
  6623 | D:7      | Reached *** piety under Cheibriados
  6783 | D:7      | Found a hide-covered altar of Uskayaw.
  6798 | D:7      | Noticed Dowan
  6799 | D:7      | Noticed Duvessa
  6812 | D:7      | Killed Duvessa
  6814 | D:7      | Killed Dowan
  6932 | D:7      | Reached skill level 16 in Axes
  7089 | D:7      | Found a broken altar of Ashenzari.
  7128 | D:7      | Paralysed by a hornet for 1 turns
  7135 | D:7      | Mangled by a hornet

Illustrated notes

Levels and vault maps discovered:
D:1:      lemuel_arrival_hallway, layout_loops_ring,
          shapermc_ecumenical_altar_totnotflames
D:2:      layout_rooms, kennysheep_another_room, chequers_big_river, uniq_robin
D:3:      layout_loops_corners, mainiacjoe_overflow_surrounded_room,
          nicolae_overflow_crystal_walls, general_overflow_altar,
          lemuel_doored_altar, uniq_grinder
D:4:      layout_rooms, makhleb_blood_cavern_becter,
          minmay_overflow_temple_star_quad, serial_park_tiny_2, minivault_11
D:5:      minmay_evil_eye, layout_cave_pools, serial_shops,
          kennysheep_little_box, uniq_pikel
D:6:      layout_basic, temple_pool_b
D:7:      layout_rooms, kennysheep_mini_moat, ashenzari_conservatory_becter,
          uniq_duvessa
Temple:   chequers_temple_sunken

Skill      XL: |  1  2  3  4  5  6  7  8  9 |
---------------+----------------------------+-----
Fighting       | 4 |  4.6
Axes           | 5 7 9 12 13 16 | 16.0
Armour         | 4 |  4.6
Shields        | 4 |  4.0

Action                   |  1- 3 |  4- 6 |  7- 9 || total
-------------------------+-------+-------+-------++-------
Melee: War axe           |    27 |   100 |   182 ||   309
       Headbutt          |     5 |    16 |    32 ||    53
       Long sword        |       |    11 |       ||    11
  Use: Potion            |     1 |       |     8 ||     9
Armor: Scale mail        |    23 |     8 |       ||    31
       Chain mail        |       |    74 |    79 ||   153
       Plate armour      |       |       |    50 ||    50
Dodge: Dodged            |    17 |    43 |    69 ||   129
Block: Buckler           |     8 |    22 |    29 ||    59
       Kite shield       |       |       |    50 ||    50
